 Dungeon Crawl Stone Soup version 0.28.0 (webtiles) character file.

Game seed: 1183040505214880200

106 AmazingTV the Sneak (level 4, -5/22 HPs)
             Began as a Spriggan Brigand on June 27, 2022.
             Killed from afar by an orc wizard (9 damage)
             ... with a magic dart
             ... on level 4 of the Dungeon.
             The game lasted 00:10:38 (2954 turns).

AmazingTV the Sneak (Spriggan Brigand)              Turns: 2954, Time: 00:10:40

Health: -5/22      AC:  3    Str:  7    XL:     4   Next: 55%
Magic:  5/5        EV: 16    Int: 12    God:
Gold:   217        SH:  0    Dex: 18    Spells: 3/3 levels left

rFire   . . .      SeeInvis +   b - +0 short sword (venom)
rCold   . . .      Faith    .   r - orb {mayhem}
rNeg    . . .      Spirit   .   i - +0 robe
rPois   .          Reflect  .   (helmet restricted)
rElec   .          Harm     .   c - +0 cloak
rCorr   .          Rampage  .   (gloves unavailable)
Will    +....                   (boots unavailable)
Stlth   ++++......              h - amulet of regeneration
HPRegen 0.87/turn               s - ring of willpower
MPRegen 0.09/turn               (no ring)

@: very quick
A: very small, no large weapons, unfitting armour, see invisible, speed 3
a: no special abilities


You were on level 4 of the Dungeon.
You visited 1 branch of the dungeon, and saw 4 of its levels.

You collected 217 gold pieces.

Inventory:

Hand Weapons
 a - a +2 dagger
 b - a +0 short sword of venom (weapon)
 t - the +2 hand axe of Foolhardiness {venom, Fly rF- Int+2}
   (You took it off a hobgoblin on level 3 of the Dungeon)

   It poisons the flesh of those it strikes.
   Int:       It affects your intelligence (+2).
   rF:        It makes you vulnerable to fire.
   Fly:       It grants you flight.
 u - a +0 hunting sling
Missiles
 d - 8 poisoned darts (quivered)
 e - 2 curare-tipped darts
 o - 91 stones
Armour
 c - a +0 cloak (worn)
 i - a +0 robe (worn)
 r - an orb of mayhem (worn)
Jewellery
 h - an amulet of regeneration (around neck)
 s - a ring of willpower (left hand)
Scrolls
 f - 2 scrolls of teleportation {unknown}
 g - a scroll of magic mapping {unknown}
 k - 6 scrolls of identify {unknown}
 m - 2 scrolls of enchant armour {unknown}
 q - a scroll of fog {unknown}
Potions
 j - a potion of flight {unknown}
 l - 2 potions of might {unknown}
 n - 2 potions of attraction {unknown}
 p - 2 potions of haste {unknown}


   Skills:
 - Level 1.5 Fighting
 + Level 3.5 Short Blades
 + Level 3.1 Throwing
 - Level 1.3 Dodging
 + Level 7.1 Stealth


You had 3 spell levels left.
You didn't know any spells.
Your spell library was empty.

Dungeon Overview and Level Annotations

Branches:
Dungeon (4/15)
 Temple: D:4-7

Altars:
Dithmenos
Nemelex Xobeh
Qazlal


Innate Abilities, Weirdness & Mutations

You are very small and have problems with some larger weapons.
You are too small for most types of armour.
You have supernaturally acute eyesight. (SInv)
You cover ground extremely quickly. (Speed+++)


Message History

An orc warrior comes into view. It is wielding a +0 trident.
An orc priest comes into view. It is wielding a +0 hand axe.
The orc warrior shouts!
The orc shouts!
An orc wizard comes into view. It is wielding a +0 dagger.
Found 10 gold pieces.
Found a club.
Found a stone staircase leading down.
You now have 217 gold pieces (gained 10).
An orc priest comes into view. It is wielding a +0 trident.
Found a stone staircase leading down.
An orc wizard comes into view. It is wielding a +0 dagger.
The orc priest shouts!
The orc wizard shouts!
An orc wizard comes into view. It is wielding a +0 dagger.
An orc comes into view. It is wielding a +0 falchion.
The orc shouts!
The orc priest closely misses you.
The orc priest hits you with a +0 trident!
The orc wizard shouts!
You hit the orc priest but do no damage.
The orc priest is poisoned.
The orc wizard barely misses you.
You hit the orc priest but do no damage.
The orc priest looks even sicker.
The orc priest is lightly wounded.
The orc priest misses you.
The orc wizard mumbles some strange words.
The orc wizard flickers and vanishes for a moment.
You miss the orc wizard.
The orc priest hits you with a +0 trident.
You hit the orc priest but do no damage.
The orc priest looks as sick as possible!
The orc priest is lightly wounded.
The orc wizard hits you with a +0 dagger.
The orc priest barely misses you.
You barely miss the orc wizard.
The orc wizard points at you and mumbles some strange words.
The magic dart hits you!
* * * LOW HITPOINT WARNING * * *
The orc wizard casts a spell at you. The magic dart hits you!
You die...

# #...........#..>. #
###.......#>........
#####....................
.#.......#...............
.....##.................
#...##..##....#.......# .
##..#......##.........##..
#.....###.##.............
##..##.##.##...@o.#......
##..##.##........o.......
#...#...........o........
##...###..#.......o......
##...#.##.......#.......
#..............###......
##...#......##.... ......
...#####..#.##.### ......
..## ...#... ...#.


You could see an orc priest (extremely poisoned), 2 orc wizards and an orc.

Vanquished Creatures
  An adder (D:3)
  2 dart slugs
  5 orcs
  5 ball pythons
  5 endoplasms
  A giant cockroach (D:3)
  9 hobgoblins
  3 jackals
  6 kobolds
  4 quokkas
  6 bats
  6 frilled lizards
  7 goblins
  5 rats
65 creatures vanquished.

Vanquished Creatures (collateral kills)
  Robin (D:3)
  2 goblins (D:3)
  A hobgoblin (D:3)
  A jackal (D:3)
5 creatures vanquished.

Vanquished Creatures (others)
  2 goblins (D:3)
  A jackal (D:3)
3 creatures vanquished.

Grand Total: 73 creatures vanquished

Notes
Turn   | Place    | Note
-------+----------+-------------------------------------------
     0 | D:1      | AmazingTV the Spriggan Brigand began the quest for the Orb.
     0 | D:1      | Reached XP level 1. HP: 10/10 MP: 2/2
    84 | D:1      | Reached skill level 6 in Stealth
   274 | D:1      | Reached XP level 2. HP: 12/14 MP: 3/3
  1042 | D:1      | Reached XP level 3. HP: 18/18 MP: 4/4
  1417 | D:2      | Found a faded altar of an unknown god.
  1989 | D:3      | Noticed Robin
  1990 | D:3      | Identified the +2 hand axe of Foolhardiness {venom, Fly rF-
                  | Int+2}
  2028 | D:3      | Killed Robin
  2029 | D:3      | Reached XP level 4. HP: 1/22 MP: 5/5
  2346 | D:3      | Reached skill level 7 in Stealth
  2511 | D:3      | Found a shadowy altar of Dithmenos.
  2511 | D:3      | Found a stormy altar of Qazlal.
  2516 | D:3      | Found a sparkling altar of Nemelex Xobeh.
  2872 | D:4      | Noticed a phantom
  2895 | D:4      | Noticed an orc warrior
  2954 | D:4      | Killed from afar by an orc wizard

Illustrated notes

Levels and vault maps discovered:
D:1:      onia_arrival_mini_spirals, layout_basic,
          chequers_serial_rivers_micro_b
D:2:      cheibrodos_old_hovel, layout_rooms,
          dreamdust_ecumenical_altar_angels_and_demons, wad_floor_pattern_1
D:3:      layout_rooms, nicolae_overflow_hidden_temple, uniq_robin
D:4:      layout_layer_cave, kennysheep_mini_moat

Skill      XL: |  1  2  3  4 |
---------------+-------------+-----
Stealth        | 6 7 |  7.1
Short Blades   | 3 |  3.5
Throwing       | 3 |  3.1
Fighting       | |  1.5
Dodging        | |  1.3

Action                   |  1- 3 |  4- 6 || total
-------------------------+-------+-------++-------
Melee: Dagger            |    56 |       ||    56
       Punch             |     1 |       ||     1
       Short sword       |    87 |    53 ||   140
Throw: Dart              |     3 |       ||     3
 Stab: Sleeping          |    10 |     6 ||    16
Armor: Robe              |    21 |     2 ||    23
Dodge: Dodged            |   122 |    44 ||   166
